Map: 과거의 사원

Players

광물

  • Race: Protoss Protoss
  • Spawn Location: 0:00

테라진

  • Race: Terran Terran
  • Spawn Location: 0:00

VOD

Have the link to the VOD?

Description

Time

  • Played on: Aug. 19, 2017, 6:15 a.m.
  • Length: 26:32
Show
View Real Time Build Order
Export as new Build Order

광물 Protoss 

Build Orders:  

Get SALT Encoding   

  12  0:03  Probe (Chrono Boost)  
  13  0:16  Probe (Chrono Boost)  
  14  0:27  Probe (Chrono Boost)  
  15  0:38  Gateway  
  15  0:42  Probe (Chrono Boost)  
  16  0:53  Probe (Chrono Boost)  
  16  0:56  Assimilator  
  17  1:05  Probe (Chrono Boost)  
  17  1:07  Assimilator  
  18  1:16  Probe (Chrono Boost)  
  19  1:27  Pylon, Probe (Chrono Boost)  
  20  1:38  Probe (Chrono Boost)  
  21  1:44  Zealot  
  24  1:50  Probe (Chrono Boost)  
  25  2:01  Probe (Chrono Boost)  
  25  2:12  Probe (Chrono Boost)  
  25  2:13  Zealot  
  28  2:23  Probe (Chrono Boost)  
  29  2:34  Probe (Chrono Boost)  
  30  2:45  Probe (Chrono Boost)  
  31  2:56  Probe (Chrono Boost)  
  32  3:08  Nexus  
  32  3:20  Cybernetics Core  
  32  3:25  Probe (Chrono Boost)  
  33  3:36  Probe (Chrono Boost)  
  33  3:39  Assimilator  
  34  3:47  Probe (Chrono Boost)  
  35  3:58  Probe (Chrono Boost)  
  36  4:09  Probe (Chrono Boost)  
  37  4:13  Protoss Air Weapons Level 1  
  37  4:14  Stargate  
  37  4:19  Assimilator  
  37  4:23  Probe (Chrono Boost)  
  38  4:34  Probe (Chrono Boost)  
  39  4:45  Probe (Chrono Boost)  
  40  4:52  Probe (Chrono Boost)  
  40  4:56  Probe (Chrono Boost)  
  42  5:03  Probe (Chrono Boost)  
  42  5:08  Probe (Chrono Boost)  
  44  5:15  Fleet Beacon  
  45  5:20  Probe (Chrono Boost)  
  45  5:21  Probe (Chrono Boost)  
  46  5:30  Stargate  
  46  5:33  Probe (Chrono Boost)  
  46  5:34  Probe (Chrono Boost)  
  48  5:44  Probe (Chrono Boost)  
  48  5:45  Disintegration  
  48  5:46  Probe (Chrono Boost)  
  50  5:56  Probe (Chrono Boost)  
  50  5:57  Probe (Chrono Boost)  
  52  6:17  Tempest  
  56  6:25  Tempest  
  60  6:40  Tempest  
  60  6:51  Protoss Air Weapons Level 2 (Chrono Boost)  
  60  6:54  Zealot  
  62  7:08  Tempest  
  66  7:25  Tempest  
  70  7:47  Gateway  
  68  7:52  Gateway  
  68  7:53  Gateway  
  68  8:02  Tempest  
  72  8:11  Zealot  
  74  8:21  Tempest  
  76  9:02  Tempest  
  80  9:14  Zealot x4  
  80  9:15  Zealot  
  90  9:35  Tempest x2  
  90  9:36  Zealot x2  
  100  9:53  Zealot  
  100  9:59  Zealot  
  102  10:05  Zealot  
  102  10:25  Tempest  
  102  10:29  Tempest  
  108  10:43  Zealot x2  
  108  10:44  Zealot  
  114  10:57  Tempest  
  112  11:34  Tempest  
  116  12:04  Tempest  
  120  12:21  Tempest  
  124  12:46  Tempest  
  114  13:15  Tempest  
  116  13:21  Zealot x4  
  124  13:37  Tempest  
  124  14:06  Robotics Facility  
  124  14:08  Zealot  
  124  14:09  Zealot  
  128  14:12  Tempest  
  128  14:17  Zealot  
  128  14:36  Zealot  
  128  14:55  Zealot x3  
  128  14:56  Tempest  
  128  14:58  Zealot  
  128  14:59  Zealot  
  142  15:18  Zealot x3  
  148  15:50  Zealot  
  148  15:51  Tempest  
  148  15:54  Zealot  
  156  16:05  Tempest  
  156  16:06  Tempest  
  152  16:34  Tempest  
  152  16:36  Zealot x2  
  152  16:37  Zealot  
  158  16:46  Zealot x2  
  158  16:47  Zealot  
  158  16:49  Tempest  
  166  17:02  Zealot x3  
  172  18:22  Tempest x2  
  180  18:32  Protoss Air Weapons Level 3 (Chrono Boost)  
  172  18:44  Zealot  
  172  18:45  Zealot x3  
  172  18:55  Zealot x3, Tempest  
  172  18:56  Zealot  
  176  19:05  Zealot x2  
  176  19:06  Zealot  
  166  19:14  Zealot x2  
  148  19:43  Zealot x4  
  148  19:49  Zealot  
  158  19:50  Tempest x2  
  162  20:11  Tempest  
  162  20:12  Zealot x4  
  164  20:26  Zealot  
  164  20:27  Tempest  
  164  20:35  Observer  
  159  20:50  Zealot x2  
  159  20:55  Zealot x2  
  167  21:03  Tempest  
  167  21:05  Zealot  
  165  21:10  Zealot x2  
  165  22:00  Tempest x2  
  165  22:07  Zealot x3  
  179  22:34  Zealot x4  
  179  22:35  Zealot x2  
  175  22:52  Zealot  
  175  22:53  Zealot  
  149  23:05  Zealot x3  
  149  23:06  Tempest  
  133  23:37  Tempest x2  
  133  23:39  Observer  
  142  23:47  Zealot x2  
  134  24:07  Zealot  
  134  24:08  Zealot  
  134  24:15  Zealot x2  
  130  24:23  Zealot  
  112  24:55  Tempest x3  
  114  25:06  Zealot x2  
  110  25:16  Zealot x2  
  110  25:20  Observer  
  111  25:31  Zealot x3  
  117  25:43  Zealot x2  
  117  25:44  Zealot  
  117  25:49  Zealot  
  103  26:00  Zealot x2  
  103  26:04  Zealot  
Show
View Real Time Build Order
Export as new Build Order

테라진 Terran 

Build Orders:  

Get SALT Encoding   

Tags
 
Add a new tag
Caveats
  • Supply blocks, unpowered buildings, or Contaminate may cause inaccurate times.
  • Supply counts are checked every 10 seconds.